 Dungeon Crawl Stone Soup version 0.30-a0-634-g8abc85282e (webtiles) character file.

Game seed: 17521398026464258900

6484 themarg the Nimble (level 11, 0/81 HPs)
             Began as a Gnoll Wanderer on Jan 14, 2023.
             Was a Priest of Cheibriados.
             Slain by a death yak (20 damage)
             ... on level 9 of the Dungeon on Jan 15, 2023.
             The game lasted 00:28:02 (8478 turns).

themarg the Nimble (Gnoll Wanderer)                 Turns: 8478, Time: 00:28:02

Health: 0/81       AC: 15    Str: 35    XL:     11   Next: 0%
Magic:  14/21      EV: 18    Int: 21    God:    Cheibriados [***...]
Gold:   393        SH:  0    Dex: 22    Spells: 17/23 levels left

rFire   . . .      SeeInvis .    a - +7 long sword of Fuch {flame, *Slow Fly rC+++ Dex-5}
rCold   + + +      Faith    .    (no shield)
rNeg    . . .      Spirit   .    I - +5 ring mail of Dietiogh {Str+4 Int+4}
rPois   .          Reflect  .    O - +1 hat
rElec   .          Harm     .    (no cloak)
rCorr   .          Rampage  .    d - +0 pair of gloves
Will    .....                    r - +0 pair of boots
Stlth   +++                      j - amulet of regeneration
HPRegen 1.13/turn                o - +6 ring of strength
MPRegen 0.17/turn                J - +6 ring of dexterity

@: flying, very slow
A: fangs 1, strong nose, distributed training
a: Renounce Religion, Bend Time, Temporal Distortion


You were on level 9 of the Dungeon.
You worshipped Cheibriados.
Cheibriados was most pleased with you.
You visited 2 branches of the dungeon, and saw 10 of its levels.

You collected 393 gold pieces.

Inventory:

Hand Weapons
 a - the +7 long sword of Fuch (weapon) {flame, *Slow Fly rC+++ Dex-5}
   (You found it on level 7 of the Dungeon)

   Dex:       It affects your dexterity (-5).
   rC:        It renders you almost immune to cold.
   Fly:       It grants you flight.
   *Slow:     It may slow you when you take damage.
 b - a +0 shortbow
Missiles
 e - 41 stones (quivered)
 v - 2 boomerangs
 L - 2 throwing nets
 S - 12 poisoned darts
Armour
 c - a +0 leather armour
 d - a +0 pair of gloves (worn)
 p - a +1 cloak of preservation
 r - a +0 pair of boots (worn)
 I - the +5 ring mail of Dietiogh (worn) {Str+4 Int+4}
   (You found it on level 6 of the Dungeon)

   Str:       It affects your strength (+4).
   Int:       It affects your intelligence (+4).
 O - a +1 hat (worn)
Jewellery
 j - an amulet of regeneration (around neck)
 o - a +6 ring of strength (left hand)
 t - an amulet of magic regeneration
 C - a +6 ring of intelligence
 G - a +6 ring of strength
 J - a +6 ring of dexterity (right hand)
 M - a ring of protection from cold
 P - a ring of positive energy
Wands
 y - a wand of mindburst (17)
 z - a wand of iceblast (11)
 E - a wand of paralysis (10)
Scrolls
 i - 2 scrolls of enchant armour {unknown}
 k - 2 scrolls of blinking {unknown}
 l - 2 scrolls of fog {unknown}
 n - a scroll of summoning {unknown}
 q - 2 scrolls of fear
 s - a scroll of enchant weapon {unknown}
 u - 2 scrolls of immolation {unknown}
 x - a scroll of torment {unknown}
 D - a scroll of teleportation {unknown}
 F - a scroll of amnesia {unknown}
 H - a scroll of silence {unknown}
 K - 3 scrolls of noise {unknown}
 N - a scroll of brand weapon {unknown}
 R - 2 scrolls of identify
Potions
 f - a potion of haste {unknown}
 h - a potion of cancellation {unknown}
 m - 2 potions of magic {unknown}
 w - 3 potions of flight
 A - a potion of curing
 B - a potion of might {unknown}
 Q - a potion of berserk rage {unknown}


   Skills:
 + Level 6.0 Fighting
 + Level 6.0 Short Blades
 + Level 6.0 Long Blades
 + Level 6.0 Axes
 + Level 6.0 Maces & Flails
 + Level 6.0 Polearms
 + Level 6.0 Staves
 + Level 6.0 Ranged Weapons
 + Level 6.0 Throwing
 + Level 6.6 Armour
 + Level 9.0 Dodging
 + Level 6.0 Stealth
 + Level 6.0 Shields
 + Level 6.0 Unarmed Combat
 + Level 6.7 Spellcasting
 + Level 5.0 Conjurations
 + Level 5.0 Hexes
 + Level 5.0 Summonings
 + Level 5.0 Necromancy
 + Level 5.0 Translocations
 + Level 6.3 Transmutations
 + Level 5.0 Fire Magic
 + Level 5.0 Ice Magic
 + Level 5.0 Air Magic
 + Level 5.0 Earth Magic
 + Level 7.5 Poison Magic
 + Level 6.6 Invocations
 + Level 6.0 Evocations


You had 17 spell levels left.
You knew the following spells:

 Your Spells              Type           Power      Damage    Failure   Level
a - Sting                 Tmut/Pois      100%       1d8       1%          1
b - Poisonous Vapours     Pois/Air       66%        N/A       1%          2
c - Ignite Poison         Fire/Tmut/Pois 33%        N/A       2%          3

Your spell library contained the following spells:

 Spells                   Type           Power      Damage    Failure   Level
 Cigotuvi's Dreadful Rot  Necr/Pois/Air  62%        N/A       1%          2
 Gell's Gravitas          Tloc           28%        N/A       4%          3
 Inner Flame              Hex/Fire       28%        N/A       4%          3
 Portal Projectile        Hex/Tloc       56%        N/A       4%          3
 Teleport Other           Tloc           28%        N/A       4%          3
 Tukima's Dance           Hex            28%        N/A       4%          3
 Flame Wave               Conj/Fire      28%        2d9       16%         4
 Manifold Assault         Tloc           28%        N/A       16%         4
 Passage of Golubria      Tloc           28%        N/A       16%         4
 Sticky Flame             Conj/Fire      28%        2d5       16%         4
 Summon Lightning Spire   Summ/Air       28%        N/A       16%         4
 Blade Hands              Tmut           16%        N/A       24%         5
 Yara's Violent Unravell  Hex/Tmut       15%        3d8       32%         5
 Dispersal                Tloc           14%        N/A       93%         6
 Storm Form               Tmut/Air       15%        N/A       100%        7
 Disjunction              Tloc           14%        N/A       100%        8
 Maxwell's Capacitive Co  Air            14%        ∞         100%        8


Dungeon Overview and Level Annotations

Branches:
Dungeon (9/15)             Temple (1/1) D:4
   Lair: D:8-11         Orc: D:9-12

Altars:
Ashenzari
Cheibriados
Dithmenos
Elyvilon
Fedhas
Gozag
Hepliaklqana
Makhleb
Nemelex Xobeh
Qazlal
Ru
Trog
Uskayaw
Vehumet
Wu Jian
Xom
Yredelemnul
Zin
The Shining One

Shops:
D:2 :   D:3 [   D:6 (   D:7 *


Innate Abilities, Weirdness & Mutations

You have very sharp teeth.
Your uncanny sense of smell can sniff out nearby items.
Your experience applies equally to all skills.


Message History

Press: ? - help, Shift-Dir - straight line, f - death yak
Aim: a death yak (lightly wounded, 92% to hit)
The sting hits the death yak but does no damage.
The death yak is poisoned.
The death yak is lightly wounded.
The death yak closely misses you.
Aiming: Sting (safe; 1% risk of failure)
Press: ? - help, Shift-Dir - straight line, f/p - death yak
Aim: a death yak (lightly wounded, poisoned, 92% to hit)
The sting hits the death yak but does no damage.
The death yak looks even sicker.
The death yak is lightly wounded.
The death yak gores you.
You hit the death yak. You burn the death yak.
The death yak is moderately wounded.
The death yak closely misses you.
You completely miss the death yak.
You punch the death yak, but do no damage.
The death yak is moderately wounded.
The death yak gores you!!
* * * LOW HITPOINT WARNING * * *
You feel much better. The death yak gores you!!
* * * LOW HITPOINT WARNING * * *
Aiming: Mindburst
Press: ? - help, Shift-Dir - straight line, f/p - death yak
Aim: a death yak (moderately wounded, very poisoned, chance to affect: 21%)
Okay, then.
You don't have any such object.
Evoke which item? (* to show all) (? for menu, Esc to quit)
You don't have any such object.
Evoke which item? (* to show all) (? for menu, Esc to quit)
Aiming: Iceblast
Press: ? - help, Shift-Dir - straight line, f/p - death yak
Aim: a death yak (moderately wounded, very poisoned)
Okay, then.
As you read the scroll labelled OPNEEZO OPTUR, it crumbles to dust.
You assume a fearsome visage.
The death yak easily resists.
The death yak resists with some effort.
It was a scroll of fear.
The death yak gores you!!
You die...

####### ### ##≈#...# ..#
.. ##≈≈~.#.#####.#
...###≈~≈≈.#.....#.#
.....~~.≈~.###...#.#
..#.~~.~~.# #.#.#.#
......>~~.# #.###.#
##.~~.≈≈.###.....###
.####~~.~~YY@........#
...†≈~~...~#########.#
..†#...~.≈# #<#.##### ∆
##..~.## #.#.....#
#..~.########.....#.#
#.(#.#............#.####
....#.#.#######.#.##....#
Y..#..#.#.# #...#####.#
#.......#.#.##### #.###
#.#


You could see 2 death yaks.

Vanquished Creatures
  A two-headed ogre (D:8)
  A death yak (D:9)
  Pikel (D:8)
  Maurice (D:8)
  Joseph (D:7)
  Maggie (D:6)
  Prince Ribbit (D:7)
  A spriggan (D:7)
  5 yaks (D:6)
  Menkaure (D:7)
  A steam dragon (D:8)
  A sky beast (D:7)
  2 ice beasts (D:7)
  3 ogres
  3 centaurs
  2 phantoms
  A kobold brigand (D:8)
  A lemure (D:8)
  4 bullfrogs
  6 scorpions
  8 wights
  3 howler monkeys (D:8)
  A gnoll bouda (D:6)
  2 hounds (D:7)
  An orc priest (D:6)
  3 orc wizards
  5 adders
  15 gnolls
  A river rat (D:9)
  4 ufetubi
  3 worms
  6 dart slugs
  11 orcs
  3 ball pythons
  9 bats
  9 endoplasms
  9 giant cockroaches
  7 goblins
  4 hobgoblins
  12 jackals
  15 kobolds
  5 quokkas
  2 frilled lizards (D:3)
  9 rats
185 creatures vanquished.

Vanquished Creatures (others)
  An orc wizard (D:5)
1 creature vanquished.

Grand Total: 186 creatures vanquished

Notes
Turn   | Place    | Note
-------+----------+-------------------------------------------
     0 | D:1      | themarg the Gnoll Wanderer began the quest for the Orb.
     0 | D:1      | themarg set off with the following items: a +0 dagger, a
                  | potion of lignification, a +0 leather armour, a +0 pair of
                  | gloves; and the following spells available to memorise:
                  | Sting, Poisonous Vapours, Cigotuvi's Dreadful Rot, Ignite
                  | Poison.
     0 | D:1      | Reached XP level 1. HP: 13/13 MP: 4/4
     1 | D:1      | Found a runed translucent door.
   272 | D:1      | Reached XP level 2. HP: 18/19 MP: 5/5
   274 | D:1      | Learned a level 1 spell: Sting
   851 | D:2      | Reached XP level 3. HP: 4/25 MP: 7/7
   854 | D:1      | HP: 1/25 [poisoned by an adder]
  1110 | D:2      | Reached skill level 1 in Invocations
  1240 | D:2      | Reached skill level 1 in Fighting
  1240 | D:2      | Reached skill level 1 in Short Blades
  1240 | D:2      | Reached skill level 1 in Long Blades
  1240 | D:2      | Reached skill level 1 in Axes
  1240 | D:2      | Reached skill level 1 in Maces & Flails
  1240 | D:2      | Reached skill level 1 in Polearms
  1240 | D:2      | Reached skill level 1 in Staves
  1240 | D:2      | Reached skill level 1 in Ranged Weapons
  1240 | D:2      | Reached skill level 1 in Throwing
  1240 | D:2      | Reached skill level 1 in Stealth
  1240 | D:2      | Reached skill level 1 in Shields
  1240 | D:2      | Reached skill level 1 in Unarmed Combat
  1240 | D:2      | Reached skill level 1 in Evocations
  1244 | D:2      | HP: 1/39 [gnoll/+0 whip of freezing (2)]
  1251 | D:2      | Reached XP level 4. HP: 3/32 MP: 2/8
  1431 | D:2      | Found Pawn's Vocational Training.
  1609 | D:2      | Reached skill level 1 in Conjurations
  1609 | D:2      | Reached skill level 1 in Hexes
  1609 | D:2      | Reached skill level 1 in Summonings
  1609 | D:2      | Reached skill level 1 in Necromancy
  1609 | D:2      | Reached skill level 1 in Translocations
  1609 | D:2      | Reached skill level 1 in Fire Magic
  1609 | D:2      | Reached skill level 1 in Ice Magic
  1609 | D:2      | Reached skill level 1 in Air Magic
  1609 | D:2      | Reached skill level 1 in Earth Magic
  2464 | D:3      | Found Roxuxika's Antique Armour Shoppe.
  2686 | D:3      | Reached XP level 5. HP: 37/37 MP: 3/9
  3234 | D:4      | Noticed an ogre
  3250 | D:4      | Killed an ogre
  3256 | D:4      | Reached XP level 6. HP: 22/44 MP: 1/11
  3686 | D:4      | Found a staircase to the Ecumenical Temple.
  3737 | Temple   | Entered the Ecumenical Temple
  3754 | Temple   | Became a worshipper of Cheibriados the Contemplative
  3946 | D:1      | Reached XP level 7. HP: 50/50 MP: 5/12
  3949 | D:1      | Reached skill level 7 in Dodging
  4064 | D:1      | Reached * piety under Cheibriados
  4568 | D:5      | Entered Level 5 of the Dungeon
  4957 | D:5      | Reached XP level 8. HP: 45/58 MP: 8/14
  5424 | D:6      | Reached ** piety under Cheibriados
  5746 | D:6      | Noticed Maggie
  5765 | D:6      | Killed Maggie
  5766 | D:6      | Reached skill level 5 in Transmutations
  5815 | D:6      | Identified the +5 ring mail of Dietiogh {Str+4 Int+4}
  5836 | D:6      | Learned a level 2 spell: Poisonous Vapours
  5840 | D:6      | Learned a level 3 spell: Ignite Poison
  5871 | D:6      | Reached XP level 9. HP: 63/65 MP: 6/16
  6049 | D:6      | Reached skill level 5 in Spellcasting
  6059 | D:6      | Reached skill level 5 in Armour
  6089 | D:6      | Reached skill level 8 in Dodging
  6204 | D:6      | Reached skill level 5 in Invocations
  6466 | D:6      | Found Kiudit Fiasm's Weapon Boutique.
  6531 | D:7      | Noticed Joseph
  6556 | D:7      | Killed Joseph
  6637 | D:7      | Noticed Prince Ribbit
  6651 | D:7      | Killed Prince Ribbit
  6757 | D:7      | Reached skill level 5 in Fighting
  6757 | D:7      | Reached skill level 5 in Short Blades
  6757 | D:7      | Reached skill level 5 in Long Blades
  6757 | D:7      | Reached skill level 5 in Axes
  6757 | D:7      | Reached skill level 5 in Maces & Flails
  6757 | D:7      | Reached skill level 5 in Polearms
  6757 | D:7      | Reached skill level 5 in Staves
  6757 | D:7      | Reached skill level 5 in Ranged Weapons
  6757 | D:7      | Reached skill level 5 in Throwing
  6757 | D:7      | Reached skill level 5 in Stealth
  6757 | D:7      | Reached skill level 5 in Shields
  6757 | D:7      | Reached skill level 5 in Unarmed Combat
  6757 | D:7      | Reached skill level 5 in Evocations
  6757 | D:7      | Reached XP level 10. HP: 67/74 MP: 18/18
  6774 | D:7      | Reached *** piety under Cheibriados
  7063 | D:7      | Noticed Menkaure
  7068 | D:7      | Killed Menkaure
  7077 | D:7      | Identified the +7 long sword of Fuch {flame, *Slow Fly
                  | rC+++ Dex-5}
  7082 | D:7      | Found Uplegant's Fire Supplies.
  7421 | D:8      | Noticed Pikel
  7423 | D:8      | Noticed a two-headed ogre
  7429 | D:8      | Killed Pikel
  7434 | D:8      | Killed a two-headed ogre
  7470 | D:8      | Found a sacrificial altar of Ru.
  7471 | D:8      | Found a burning altar of Makhleb.
  7472 | D:8      | Found a shimmering altar of Xom.
  7498 | D:8      | Noticed Maurice
  7513 | D:8      | Killed Maurice
  7879 | D:8      | Reached **** piety under Cheibriados
  8139 | D:8      | Found a hide-covered altar of Uskayaw.
  8454 | D:9      | Noticed a death yak
  8456 | D:9      | Noticed a death yak
  8460 | D:9      | Noticed a death yak
  8472 | D:9      | Killed a death yak
  8473 | D:9      | Reached skill level 9 in Dodging
  8473 | D:9      | Reached skill level 5 in Conjurations
  8473 | D:9      | Reached skill level 5 in Hexes
  8473 | D:9      | Reached skill level 5 in Summonings
  8473 | D:9      | Reached skill level 5 in Necromancy
  8473 | D:9      | Reached skill level 5 in Translocations
  8473 | D:9      | Reached skill level 5 in Fire Magic
  8473 | D:9      | Reached skill level 5 in Ice Magic
  8473 | D:9      | Reached skill level 5 in Air Magic
  8473 | D:9      | Reached skill level 5 in Earth Magic
  8473 | D:9      | Reached XP level 11. HP: 29/81 MP: 14/21
  8478 | D:9      | Slain by a death yak

Illustrated notes

Levels and vault maps discovered:
D:1:      dpeg_arrival_caged_fury, layout_basic, fountainhead
D:2:      kennysheep_six_static_rooms, layout_loops_corners,
          nicolae_shop_vocational
D:3:      kennysheep_big_flooded_room, layout_basic, serial_shops, shop,
          amcnicky_mini_pool_small
D:4:      layout_loops_corners, minmay_temple_entry_glass
D:5:      layout_cave_pools, chequers_decorated_corner
D:6:      layout_basic, serial_shops, nicolae_shop_bloodbath_and_beyond,
          uniq_maggie
D:7:      layout_basic, nicolae_shop_fire_sale [nicolae_sub_dead_trees],
          the_hattery, uniq_prince_ribbit1, uniq_joseph, uniq_menkaure
D:8:      layout_loops_ring, nicolae_uskayaw_dance_studio,
          grunt_temple_overflow_open, uniq_maurice, uniq_pikel
D:9:      layout_basic, minmay_overflow_temple_star_quad, dpeg_lair_monsters,
          david_orc_4, kennysheep_another_room, ebering_dispersal_statue_hall
Temple:   hellmonk_temple_two_chambers

Skill      XL: |  1  2  3  4  5  6  7  8  9 10 |
---------------+-------------------------------+-----
Invocations    | 1 2 3 4 5 6 |  6.6
Fighting       | 1 2 3 5 6 |  6.0
Short Blades   | 1 2 3 5 6 |  6.0
Long Blades    | 1 2 3 5 6 |  6.0
Axes           | 1 2 3 5 6 |  6.0
Maces & Flails | 1 2 3 5 6 |  6.0
Polearms       | 1 2 3 5 6 |  6.0
Staves         | 1 2 3 5 6 |  6.0
Ranged Weapons | 1 2 3 5 6 |  6.0
Throwing       | 1 2 3 5 6 |  6.0
Stealth        | 1 2 3 5 6 |  6.0
Shields        | 1 2 3 5 6 |  6.0
Unarmed Combat | 1 2 3 5 6 |  6.0
Evocations     | 1 2 3 5 6 |  6.0
Spellcasting   | 3 4 5 6 |  6.7
Conjurations   | 1 2 3 4 5 |  5.0
Hexes          | 1 2 3 4 5 |  5.0
Summonings     | 1 2 3 4 5 |  5.0
Necromancy     | 1 2 3 4 5 |  5.0
Translocations | 1 2 3 4 5 |  5.0
Fire Magic     | 1 2 3 4 5 |  5.0
Ice Magic      | 1 2 3 4 5 |  5.0
Air Magic      | 1 2 3 4 5 |  5.0
Earth Magic    | 1 2 3 4 5 |  5.0
Armour         | 3 4 5 6 |  6.6
Transmutations | 4 5 6 |  6.3
Dodging        | 7 8 9 |  9.0
Poison Magic   | 6 7 |  7.5

Action                   |  1- 3 |  4- 6 |  7- 9 | 10-12 || total
-------------------------+-------+-------+-------+-------++-------
Melee: Dagger            |    59 |       |       |       ||    59
       Bite              |     7 |    11 |    25 |     9 ||    52
       Short sword       |    29 |   105 |   192 |     5 ||   331
       Unarmed           |     3 |    14 |       |       ||    17
       Punch             |       |     2 |     8 |     2 ||    12
       Long sword        |       |       |       |    60 ||    60
 Fire: Shortbow          |       |       |    89 |    67 ||   156
 Cast: Sting             |    20 |    75 |   137 |    48 ||   280
Invok: Bend Time         |       |       |     1 |       ||     1
       Slouch            |       |       |       |     1 ||     1
Evoke: Wand              |       |       |     5 |       ||     5
  Use: Potion            |     1 |       |     3 |     1 ||     5
       Scroll            |       |     2 |       |     2 ||     4
Armor: Leather armour    |    19 |    30 |    38 |       ||    87
       Skin              |     3 |     8 |       |       ||    11
       Ring mail         |       |       |    24 |    29 ||    53
Dodge: Dodged            |    72 |    98 |   219 |   100 ||   489

Table legend: (Time is in decaauts)
 A = Elapsed time spent in this place.
 B = Non-inter-level travel time spent in this place.
 C = Inter-level travel time spent in this place.
 D = Time resting spent in this place.
 E = Time spent auto-exploring this place.
 F = Levels seen in this place.
 G = Mean time per level.
                   A        B        C        D        E       F      G
               +--------+--------+--------+--------+--------+-----+--------+
         Total |  10015 |   9382 |    633 |    506 |   7121 |  10 | 1001.5 |
       Dungeon |   9986 |   9353 |    633 |    506 |   7121 |   9 | 1109.6 |
        Temple |     28 |     28 |      0 |      0 |      0 |   1 |   28.0 |
               +--------+--------+--------+--------+--------+-----+--------+

Top non-repeatable levels by time:
     D:6: 1524 daAuts
     D:8: 1466 daAuts
     D:2: 1382 daAuts
     D:1: 1244 daAuts
     D:4: 1216 daAuts
     D:7: 1016 daAuts
     D:5: 941 daAuts
     D:3: 875 daAuts
     D:9: 318 daAuts
  Temple: 28 daAuts
